 Dungeon Crawl Stone Soup version 0.26.1-2-gb8aa6d0cf2 (webtiles) character file.

Game seed: 3937447943122819334

42070 jlumianski the Cleaver (level 13, 0/118 HPs)
             Began as a Palentonga Fighter on Feb 28, 2021.
             Was the Champion of Okawaru.
             Slain by a two-headed ogre
             ... wielding a +0 dire flail
              (7 damage)
             ... on level 2 of the Orcish Mines.
             The game lasted 01:36:26 (19409 turns).

jlumianski the Cleaver (Palentonga Fighter)        Turns: 19409, Time: 01:36:27

Health: 0/118      AC: 41    Str: 28    XL:     13   Next: 83%
Magic:  11/11      EV:  7    Int: 13    God:    Okawaru [******]
Gold:   1461       SH:  0    Dex: 10    Spells: 12/12 levels left

rFire    . . .     SeeInvis +   D - +10 battleaxe of the Messenger {vorpal, rC+ MP-9 Int+4}
rCold    + . .     Faith    .   (shield currently unavailable)
rNeg     + . .     Spirit   .   K - +0 plate armour "Arghiarink" {Str+4 SInv}
rPois    .         Reflect  .   L - +2 helmet
rElec    +         Harm     .   p - +1 cloak {rCorr}
rCorr    +         Rampage  .   y - +0 pair of gloves
Will     .....                  I - +6 lightning scales {run, rElec}
Stlth    ..........             (no amulet)
HPRegen  0.29/turn              B - ring of flight
MPRegen  0.12/turn              P - ring of positive energy

@: heroism, hasted and slowed, curled up, quick
A: large, rugged brown scales 3, see invisible, deformed body, roll 1, armoured
tail, reflexive curl
a: Rolling Charge, Renounce Religion, Evoke Flight, Heroism, Finesse


You were on level 2 of the Orcish Mines.
You worshipped Okawaru.
Okawaru was exalted by your worship.
You visited 4 branches of the dungeon, and saw 18 of its levels.

You collected 1461 gold pieces.

Inventory:

Hand Weapons
 D - the +10 battleaxe of the Messenger (weapon) {vorpal, rC+ MP-9 Int+4}
   (Okawaru gifted it to you on level 10 of the Dungeon)

   It inflicts extra damage upon your enemies.
   It affects your intelligence (+4).
   It protects you from cold.
   It affects your magic capacity (-9).
 O - a +4 dire flail
Missiles
 c - 3 boomerangs
 v - 12 javelins
 w - 46 poisoned darts (quivered)
 N - 4 throwing nets
 Q - 12 atropa-tipped darts
Armour
 p - a +1 cloak of preservation (worn)
 y - a +0 pair of gloves (worn)
 I - the +6 lightning scales (worn) {run, rElec}
   (You acquired it on level 7 of the Dungeon)

   It insulates you from electricity.
 K - the +0 plate armour "Arghiarink" (worn) {Str+4 SInv}
   (Okawaru gifted it to you on level 12 of the Dungeon)

   It affects your strength (+4).
   It lets you see invisible.
 L - a +2 helmet (worn)
Jewellery
 b - an uncursed ring of ice
 B - a ring of flight (left hand)
 P - a ring of positive energy (right hand)
Wands
 d - a wand of digging (5)
 g - a wand of iceblast (4)
 m - a wand of acid (11)
 E - a wand of disintegration (6)
 R - a wand of paralysis (3)
Scrolls
 t - 5 scrolls of fog
 u - 8 scrolls of identify
 A - 7 scrolls of remove curse
Potions
 a - 3 potions of invisibility
 f - a potion of haste
 i - a potion of ambrosia
 j - 2 potions of cancellation
 l - a potion of berserk rage
 s - 9 potions of curing
 H - 2 potions of heal wounds
 W - a potion of might


   Skills:
 + Level 9.3(14.3) Fighting
 + Level 13.6(18.7) Axes
 + Level 1.5(14.2) Maces & Flails
 + Level 1.6(6.6) Throwing
 + Level 8.0(13.0) Armour
 + Level 2.5(7.5) Dodging
 + Level 0.2(5.2) Stealth
 + Level 7.0(12.0) Shields
 - Level 3.3 Hexes
 * Level 10.2 Invocations
 - Level 7.9 Evocations


You had 12 spell levels left.
You didn't know any spells.
Your spell library contained the following spells:

 Spells                   Type           Power        Failure   Level
 Confusing Touch          Hex            8%           85%         3
 Call Imp                 Summ           0%           97%         2
 Gell's Gravitas          Tloc           0%           99%         3
 Petrify                  Tmut/Erth      0%           100%        4
 Metabolic Englaciation   Hex/Ice        2%           100%        5
 Summon Demon             Summ           0%           100%        5
 Yara's Violent Unravell  Hex/Tmut       2%           100%        5
 Freezing Cloud           Conj/Ice/Air   0%           100%        6
 Spellforged Servitor     Conj/Summ      0%           100%        7


Dungeon Overview and Level Annotations

Branches:
Dungeon (14/15)            Temple (1/1) D:5            Lair (1/6) D:9
    Orc (2/2) D:10            Elf (0/3) Orc:2        Vaults (0/5) D:13

Altars:
Cheibriados
Dithmenos
Elyvilon
Fedhas
Kikubaaqudgha
Makhleb
Nemelex Xobeh
Okawaru
Ru
Trog
Uskayaw
Vehumet
Xom
The Shining One

Shops:
D:12 (

Annotations:
Orc:2 1 runed translucent door, thiole's ghost, journeyman OpWz


Innate Abilities, Weirdness & Mutations

You are completely covered in rugged brown scales. (AC +3, +7% HP)
You have supernaturally acute eyesight. (SInv)
Armour fits poorly on your strangely shaped body.
You can roll at nearby foes to attack.
You have a long armoured tail.
You curl defensively after being hit.


Message History

The ogre mage hits you but does no damage.
You feel yourself speed up.
The ogre mage hits you but does no damage.
The two-headed ogre closely misses you. The two-headed ogre barely misses you.
The two-headed ogre hits you but does no damage. x3
The two-headed ogre hits you with a +0 giant club!
* * * LOW HITPOINT WARNING * * *
The ogre mage hits you but does no damage. x2
The two-headed ogre hits you but does no damage. x2
The two-headed ogre hits you with a +0 giant club!!
* * * LOW HITPOINT WARNING * * *
The two-headed ogre hits you but does no damage.
The ogre hits you but does no damage.
Blink to where?
Press: ? - help, Dir - move target
As you read the scroll of blinking, it crumbles to dust.
The ogre mage gestures wildly while chanting.
The ogre mage blinks!
The two-headed ogre hits you with a +0 dire flail!
You die...

...# ####[.. ###O.............
##.## ##..## ##...O...^.......
##...###....## .#..O..ยง.........
#.....##.....##.....OO.......#...
.....##.......##.#.##O..........#
))........#....^####O............
...........##....##O#.....#...#.#
...#.##....####..#O...........###
..#....##.## #..@O...........#.#.
...#....### ##..................
..###..## #.........#........
...#...# ##....#...........#
..###.## ##..###..##.##.### ###
### #### ##########


You could see 2 two-headed ogres, 2 ogre magi and an ogre (fast).

Vanquished Creatures
  Snorg (Orc:2)
  Harold (D:5)
  Erolcha (D:10)
  4 vault guards
  2 hydras
  2 centaur warriors
  A boulder beetle (D:13)
  8 two-headed ogres
  A death yak (D:10)
  A tengu warrior (D:10)
  An ogre mage (Orc:2)
  Urug (D:11)
  Nergalle (D:10)
  A fire crab (shapeshifter) (D:12)
  A sixfirhy (D:14)
  An unseen horror (D:12)
  An obsidian statue (D:12)
  Pikel (D:6)
  A phantasmal warrior (D:10)
  2 manticores
  3 ugly things
  3 cyclopes
  Maurice (D:10)
  Joseph (D:6)
  2 gargoyles
  4 centaur skeletons
  A komodo dragon (D:9)
  A kobold demonologist (D:13)
  4 trolls
  A hornet (D:14)
  16 slime creatures
  A meliai zombie (D:11)
  A dream sheep (shapeshifter) (D:10)
  Sigmund (D:2)
  A water elemental (D:11)
  2 vampires
  18 yaks
  Eustachio (D:5)
  2 basilisks (D:13)
  3 vampire mosquitoes (D:13)
  2 wargs
  A soldier ant (D:10)
  4 ice beasts
  10 orc warriors
  3 sky beasts
  A necrophage (D:8)
  A black bear (D:9)
  An eye of draining (D:12)
  3 phantoms
  11 ogres
  7 centaurs
  A lemure (D:6)
  Blork the orc (D:5)
  A big kobold (D:12)
  10 bullfrogs
  A wyvern zombie (D:13)
  2 scorpions
  7 killer bees
  8 wights
  An electric eel (D:11)
  3 howler monkeys
  A bullfrog zombie (D:11)
  3 centaur zombies
  14 orc priests
  Crazy Yiuf (D:3)
  2 bullfrog skeletons
  5 hounds
  4 jellies
  19 orc wizards
  2 iguanas
  6 worker ants
  A hound zombie (D:8)
  A hound skeleton (D:7)
  10 gnolls
  13 adders
  2 shadow imps (D:10)
  8 white imps
  An ufetubus (D:10)
  An ooze (D:4)
  An adder zombie (D:7)
  8 worms
  3 adder skeletons
  4 dart slugs
  8 leopard geckos
  58 orcs
  4 giant cockroaches
  14 goblins
  4 hobgoblins
  19 jackals
  3 quokkas
  2 ball pythons (D:6)
  A ball python skeleton (D:4)
  7 bats
  6 frilled lizards
  16 kobolds
  A leopard gecko zombie (D:5)
  2 quokka skeletons
  3 rats
437 creatures vanquished.

Vanquished Creatures (others)
  11 plants
11 creatures vanquished.

Grand Total: 448 creatures vanquished

Notes
Turn   | Place    | Note
-------+----------+-------------------------------------------
     0 | D:1      | jlumianski the Palentonga Fighter began the quest for the
                  | Orb.
     0 | D:1      | Reached XP level 1. HP: 20/20 MP: 1/1
   128 | D:1      | Reached XP level 2. HP: 19/27 MP: 2/2
   638 | D:1      | Reached XP level 3. HP: 20/33 MP: 3/3
  1911 | D:2      | Reached XP level 4. HP: 39/40 MP: 4/4
  2300 | D:2      | Reached skill level 3 in Axes
  2300 | D:2      | Reached XP level 5. HP: 45/48 MP: 5/5
  2462 | D:2      | Reached skill level 4 in Axes
  2526 | D:2      | Reached XP level 6. HP: 51/54 MP: 6/6
  2563 | D:2      | Noticed Sigmund
  2577 | D:2      | Killed Sigmund
  2853 | D:2      | Found a faded altar of an unknown god.
  2951 | D:2      | Reached skill level 5 in Axes
  2974 | D:2      | Gained mutation: You curl defensively after being hit.
                  | [Palentonga growth]
  2974 | D:2      | Reached XP level 7. HP: 58/62 MP: 7/7
  3701 | D:3      | Found a runed translucent door.
  3702 | D:3      | Noticed Crazy Yiuf
  3844 | D:3      | You fall into a shaft and drop 1 floor!
  3858 | D:5      | Entered Level 5 of the Dungeon
  3869 | D:4      | Reached skill level 1 in Dodging
  4060 | D:4      | Got a fine cloak
  4093 | D:4      | Identified the +1 cloak of Context {-Tele rPois Str+8} (You
                  | found it on level 4 of the Dungeon)
  4181 | D:5      | Found a staircase to the Ecumenical Temple.
  4232 | D:5      | Noticed Blork the orc
  4247 | Temple   | Entered the Ecumenical Temple
  4438 | Temple   | Became a worshipper of Warmaster Okawaru
  4590 | D:5      | Killed Blork the orc
  4727 | D:6      | Reached skill level 1 in Invocations
  4757 | D:7      | Noticed Harold
  4762 | D:7      | Noticed Joseph
  4787 | D:5      | Reached skill level 6 in Axes
  4787 | D:5      | Reached skill level 1 in Evocations
  4789 | D:5      | Killed Harold
  4789 | D:5      | Reached * piety under Okawaru
  4790 | D:5      | Reached XP level 8. HP: 21/71 MP: 8/10
  5712 | D:3      | Killed Crazy Yiuf
  5920 | D:5      | Reached XP level 9. HP: 78/78 MP: 11/11
  6022 | D:5      | Noticed Eustachio
  6029 | D:5      | Reached skill level 7 in Axes
  6030 | D:5      | Killed Eustachio
  6030 | D:5      | Reached ** piety under Okawaru
  6413 | D:6      | Reached skill level 5 in Armour
  6731 | D:6      | Killed Joseph
  6732 | D:6      | Reached skill level 5 in Shields
  6910 | D:7      | Noticed Pikel
  6935 | D:6      | Killed Pikel
  6935 | D:6      | Reached *** piety under Okawaru
  6936 | D:6      | Reached skill level 5 in Fighting
  7119 | D:7      | Reached skill level 8 in Axes
  7196 | D:7      | Identified a scroll of acquirement
  7196 | D:7      | Acquired the +6 lightning scales {run, rElec}
  7197 | D:7      | Found the +6 lightning scales {run, rElec}
  7547 | D:6      | Reached skill level 5 in Invocations
  7714 | D:8      | Reached XP level 10. HP: 81/86 MP: 13/13
  7772 | D:7      | Reached **** piety under Okawaru
  8475 | D:8      | Reached skill level 5 in Evocations
  8737 | D:10     | Entered Level 10 of the Dungeon
  9015 | D:9      | Found a bloodstained altar of Trog.
  9099 | D:9      | Reached skill level 1 in Hexes
  9213 | D:9      | Found a staircase to the Lair.
  9729 | D:10     | Noticed Maurice
  9803 | D:10     | Killed Maurice
  9803 | D:10     | Reached ***** piety under Okawaru
  9817 | D:10     | Identified Soinneuh's Incunabulum of Calling and Snow
 10215 | Lair:1   | Entered Level 1 of the Lair of Beasts
 10218 | Lair:1   | Noticed a seven-headed hydra
 10235 | D:9      | Reached skill level 9 in Axes
 10276 | D:9      | Killed a seven-headed hydra
 10277 | D:9      | Reached XP level 11. HP: 40/95 MP: 15/15
 10528 | D:10     | You fall into a shaft and drop 1 floor!
 10648 | D:11     | Noticed a death yak
 10702 | D:11     | Noticed Urug
 10741 | D:11     | Killed Urug
 11028 | D:10     | Noticed Nergalle
 11034 | D:10     | Killed Nergalle
 11093 | D:10     | Found a staircase to the Orcish Mines.
 11137 | D:10     | Received a gift from Okawaru
 11180 | D:10     | Noticed a tengu warrior
 11200 | D:10     | Killed a tengu warrior
 11512 | D:10     | Noticed a deep troll
 11512 | D:10     | a snapping turtle changed into a deep troll
 11517 | D:10     | Noticed an anaconda
 11517 | D:10     | a deep troll changed into an anaconda
 11523 | D:10     | Noticed a glowing shapeshifter
 11523 | D:10     | an anaconda changed into a glowing shapeshifter
 11524 | D:10     | Noticed a shock serpent
 11524 | D:10     | a glowing shapeshifter changed into a shock serpent
 11526 | D:10     | Noticed a two-headed ogre
 11526 | D:10     | a shock serpent changed into a two-headed ogre
 11529 | D:10     | a two-headed ogre changed into a dream sheep
 11972 | D:10     | Noticed a centaur warrior
 11989 | D:10     | Killed a centaur warrior
 12102 | D:10     | Noticed Erolcha
 12103 | D:10     | Paralysed by Erolcha for 5 turns
 12292 | D:11     | Noticed a two-headed ogre
 12294 | D:11     | Noticed a four-headed hydra
 12318 | D:11     | Killed a two-headed ogre
 12324 | D:11     | Killed a four-headed hydra
 12325 | D:11     | Reached skill level 10 in Axes
 12325 | D:11     | Reached skill level 1 in Maces & Flails
 12761 | D:10     | Killed a death yak
 12761 | D:10     | Received a gift from Okawaru
 12764 | D:10     | Got a crude battleaxe {god gift}
 12765 | D:10     | Identified the +10 battleaxe of the Messenger {vorpal, rC+
                  | MP-9 Int+4} (Okawaru gifted it to you on level 10 of the
                  | Dungeon)
 12922 | D:11     | Reached XP level 12. HP: 79/103 MP: 9/18
 13302 | D:12     | Reached ****** piety under Okawaru
 13459 | D:12     | Received a gift from Okawaru
 13469 | D:12     | Got an encrusted plate armour {god gift}
 13483 | D:12     | Identified the +0 plate armour "Arghiarink" {Str+4 SInv}
                  | (Okawaru gifted it to you on level 12 of the Dungeon)
 13991 | D:11     | Reached skill level 11 in Axes
 14239 | D:11     | Reached skill level 1 in Throwing
 14336 | D:10     | Noticed a two-headed ogre
 14353 | D:11     | Killed a two-headed ogre
 15999 | D:12     | Found Biutaju's Weapon Emporium.
 16243 | D:13     | Noticed a boulder beetle
 16247 | D:13     | Killed a boulder beetle
 16472 | D:13     | Received a gift from Okawaru
 16473 | D:13     | Reached skill level 12 in Axes
 16664 | D:13     | Noticed a centaur warrior
 16669 | D:13     | Killed a centaur warrior
 16670 | D:13     | Reached XP level 13. HP: 67/114 MP: 10/19
 16891 | D:13     | Found a gate to the Vaults.
 16896 | D:13     | Received a gift from Okawaru
 16897 | D:13     | Got an ichor-stained barding {god gift}
 16942 | D:12     | Identified the +4 barding of Filth {rC+} (Okawaru gifted it
                  | to you on level 13 of the Dungeon)
 17490 | D:13     | Got an ichor-stained robe
 17501 | D:13     | Identified the +1 robe "Rirgh" {Rampage rF+ Slay+3} (You
                  | found it on level 13 of the Dungeon)
 18751 | D:10     | Killed Erolcha
 18752 | D:10     | Reached skill level 13 in Axes
 18775 | Orc:1    | Entered Level 1 of the Orcish Mines
 19020 | Orc:2    | Entered Level 2 of the Orcish Mines
 19153 | Orc:2    | Noticed Snorg
 19164 | Orc:2    | Killed Snorg
 19174 | Orc:2    | Found a staircase to the Elven Halls.
 19363 | Orc:2    | Found a runed translucent door.
 19365 | Orc:2    | Noticed thiole's ghost (journeyman OpWz)
 19369 | Orc:2    | Reached skill level 10 in Invocations
 19379 | Orc:2    | Received a gift from Okawaru
 19409 | Orc:2    | Slain by a two-headed ogre

Illustrated notes

Levels and vault maps discovered:
D:1:      minmay_arrival_widening_spiral_wide, layout_loops_ring,
          skrybe_limestone_x, minivault_26
D:2:      layout_basic, chequers_ecumenical_altar_simple_redux, uniq_sigmund
D:3:      layout_rooms, minmay_misc_feat_alley, uniq_crazy_yiuf_cottage
D:4:      layout_basic
D:5:      layout_gridville, minmay_temple_entry_overgrown, uniq_blork_the_orc,
          uniq_eustachio
D:6:      layout_loops_corners
D:7:      layout_rooms, enter_ossuary_5, grunt_ogre_cave, uniq_harold,
          uniq_joseph, uniq_pikel
D:8:      layout_rooms, minmay_manual_mares
D:9:      layout_roguey, old_standard_altar, david_lair_shrubbed,
          kennysheep_generic_room_11
D:10:     nzn_winding_woodlands_cross [nzn_winding_woodlands_5x15_pool,
          nzn_winding_woodlands_5x15_twine, nzn_winding_woodlands_5x15_garden,
          nzn_winding_woodlands_5x15_longhouse,
          nzn_winding_woodlands_15x15_thick_spiral], layout_long_grid,
          orc_0_dummy, uniq_nergalle, uniq_maurice, uniq_erolcha
D:11:     argonaut_augean_stables, layout_basic, nrook_mini_vaults, uniq_urug
D:12:     layout_roguey, serial_shops, nicolae_shop_behind_doors,
          gauntlet_entry_generic, minivault_16
D:13:     layout_loops_ring, lightli_vaults_fourway_checkpoint
D:14:     minmay_shoctagon, layout_loops_corners, nicolae_elemental_shop,
          wad_hexagon, uniq_jorgrun
Temple:   regret_index_temple_sigil_plot
Lair:1:   cheibrodos_lair_river_kwai, layout_cave_pods, grunt_megastairs_1
Orc:1:    layout_caves, serial_shops
Orc:2:    st_orc_ogre_mass, layout_caves, ebering_ghost_inner_flame,
          nicolae_orc_flooded_monolith, uniq_snorg

Skill      XL: |  1  2  3  4  5  6  7  8  9 10 11 12 13 |
---------------+----------------------------------------+-----
Shields        | 3 4 5 6 7 |  7.0
Armour         | 3 4 5 6 7 8 |  8.0
Axes           | 3 4 5 6 8 9 10 12 13 | 13.6
Fighting       | 4 5 6 8 9 |  9.3
Dodging        | 1 2 |  2.5
Invocations    | 3 5 6 8 9 10 | 10.2
Evocations     | 2 3 4 5 6 7 |  7.9
Hexes          | 3 |  3.3
Maces & Flails | 1 |  1.5
Throwing       | 1 |  1.6
Stealth        | |  0.2

Action                   |  1- 3 |  4- 6 |  7- 9 | 10-12 | 13-15 || total
-------------------------+-------+-------+-------+-------+-------++-------
Melee: War axe           |   156 |   109 |   126 |       |       ||   391
       Tailslap          |     9 |    10 |    38 |   118 |    30 ||   205
       Hand axe          |       |       |   235 |   357 |       ||   592
       Morningstar       |       |       |       |     2 |       ||     2
       Broad axe         |       |       |       |   213 |       ||   213
       Battleaxe         |       |       |       |   187 |   184 ||   371
       Flail             |       |       |       |     5 |       ||     5
Throw: Boomerang         |       |     3 |       |       |       ||     3
       Dart              |       |       |       |    14 |     8 ||    22
Invok: Heroism           |       |       |     4 |     9 |     2 ||    15
       Finesse           |       |       |       |     1 |     1 ||     2
 Abil: Rolling Charge    |    19 |     9 |    37 |    75 |    23 ||   163
Evoke: Wand              |       |       |     2 |    14 |       ||    16
  Use: Scroll            |     1 |     1 |    16 |    10 |     4 ||    32
       Potion            |       |       |     8 |     4 |     2 ||    14
 Stab: Sleeping          |       |       |       |     1 |       ||     1
Armor: Scale mail        |    70 |    60 |    39 |   138 |       ||   307
       Plate armour      |       |       |   165 |   332 |   181 ||   678
Dodge: Dodged            |    27 |    28 |    76 |    92 |    53 ||   276
Block: Kite shield       |    77 |    64 |   201 |   262 |       ||   604
